 Dungeon Crawl Stone Soup version 0.23.2-1-ga50397a6bc (webtiles) character file.

Game seed: 10891440204540379749

87 Cykl0x the Charmwright (level 4, -2/45 HPs)
             Began as an Ogre Skald on Apr 15, 2019.
             Slain by a goblin
             ... wielding a +0 dagger
             ... led by Robin
              (3 damage)
             ... on level 3 of the Dungeon.
             The game lasted 00:05:55 (1665 turns).

Cykl0x the Charmwright (Ogre Skald)                 Turns: 1665, Time: 00:05:56

Health: -2/45      AC:  4    Str: 15    XL:     4   Next: 51%
Magic:  4/8        EV: 10    Int: 15    God:
Gold:   128        SH:  3    Dex:  8    Spells: 3/9 levels left

rFire    . . .     SeeInvis .   a - +1 hand axe
rCold    . . .     Gourm    .   (no shield)
rNeg     . . .     Faith    .   b - +0 robe
rPois    .         Spirit   .   (helmet restricted)
rElec    .         Reflect  +   e - +0 cloak (curse)
rCorr    .         Harm     .   (gloves unavailable)
MR       .....                  (boots unavailable)
Stlth    +.........             l - +3 amulet of reflection
HPRegen  0.15/turn              (no ring)
MPRegen  0.11/turn              (no ring)

@: singing, very slightly contaminated
A: large, unfitting armour, tough skin 1
a: no special abilities


You were on level 3 of the Dungeon.
You were not hungry.

You visited 1 branch of the dungeon, and saw 3 of its levels.

You collected 128 gold pieces.

Inventory:

Hand Weapons
 a - a +1 hand axe (weapon)
Missiles
 k - 32 stones (quivered)
Armour
 b - a +0 robe (worn)
 e - a cursed +0 cloak (worn)
Jewellery
 l - a +3 amulet of reflection (around neck)
Wands
 m - a wand of iceblast (10)
 n - a wand of polymorph (7)
Scrolls
 i - a scroll of blinking
Potions
 c - a potion of heal wounds
 f - a potion of haste {unknown}
 g - a potion of resistance {unknown}
 h - 2 potions of curing {unknown}
 o - a potion of degeneration {unknown}
 p - a potion of agility {unknown}
Comestibles
 d - 4 rations
 j - 3 chunks of flesh


   Skills:
 + Level 3.1 Fighting
 + Level 3.1 Axes
 + Level 2.6 Dodging
 + Level 0.1 Stealth
 + Level 3.0 Spellcasting
 + Level 3.2 Charms


You had 3 spell levels left.
You knew the following spells:

 Your Spells              Type           Power        Failure   Level  Hunger
a - Infusion              Chrm           ##..         5%          1    #......
b - Song of Slaying       Chrm           ##......     9%          2    ##.....
c - Regeneration          Chrm/Necr      #.........   30%         3    ###....

Your spell library contained the following spells:

 Spells                   Type           Power        Failure   Level  Hunger
 Shroud of Golubria       Chrm/Tloc      #.........   16%         2    ##.....
 Spectral Weapon          Hex/Chrm       #.......     30%         3    ###....


Dungeon Overview and Level Annotations

Branches:
Dungeon (3/15)

Altars:
Fedhas
Gozag

Annotations:
D:3 Robin


Innate Abilities, Weirdness & Mutations

You are too large for most types of armour.
You have tough skin. (AC +1)


Message History

You hit the goblin.
You kill the goblin!
You hit the goblin.
You kill the goblin!
You barely miss the goblin. You hit the goblin. You closely miss the goblin.
Robin closely misses you. You block the goblin's attack.
The goblin hits you but does no damage. x2; Robin hits you but does no damage.
The goblin closely misses you.
Casting: Song of Slaying (safe; 9% risk of failure)
Confirm with . or Enter, or press ? or * to list all spells.
You miscast Regeneration.
You are very lightly contaminated with residual magic.
Your skin glows momentarily.
You block the goblin's attack. The goblin hits you with a +0 club!
* * * LOW HITPOINT WARNING * * *
The goblin hits you but does no damage.
Robin hits you from afar with a +0 spear!
* * * LOW HITPOINT WARNING * * *
The goblin hits you with a +0 dagger.
You die...

#.##.# #......##
#.##.# #....#..#
####.#..#
#...###..
#......##
.........<
#.##.### #
####.##### # #$#
.# #
#.##.####..##
..###
#....g).....#
#....
#....†@g....#
#####
#....gggg...# #
..........g...#
........(.....#
...>..[..........
.........).....##
..............#
....<........#


You could see Robin, a hobgoblin and 5 goblins.

Vanquished Creatures
  2 adders (D:3)
  An ooze (D:1)
  A dart slug (D:3)
  6 leopard geckos
  5 orcs (D:2)
  A ball python (D:2)
  6 bats
  2 giant cockroaches
  5 goblins (D:3)
  5 hobgoblins
  4 jackals (D:1)
  3 frilled lizards
  2 kobolds (D:1)
  4 rats
47 creatures vanquished.

Notes
Turn   | Place    | Note
-------+----------+-------------------------------------------
     0 | D:1      | Cykl0x the Ogre Skald began the quest for the Orb.
     0 | D:1      | Reached XP level 1. HP: 22/22 MP: 3/3
   150 | D:1      | Reached XP level 2. HP: 27/29 MP: 5/5
   419 | D:1      | Reached XP level 3. HP: 34/36 MP: 4/7
   476 | D:1      | Learned a level 2 spell: Song of Slaying
   480 | D:1      | Learned a level 3 spell: Regeneration
  1211 | D:2      | Found a blossoming altar of Fedhas.
  1327 | D:3      | Reached XP level 4. HP: 25/45 MP: 6/8
  1530 | D:3      | Found an opulent altar of Gozag.
  1656 | D:3      | Noticed Robin
  1665 | D:3      | HP: 1/45 [Robin/+0 spear (7)]
  1665 | D:3      | Slain by a goblin

Skill      XL: |  1  2  3  4 |
---------------+-------------+-----
Charms         | 3 |  3.2
Fighting       | 3 |  3.1
Axes           | 3 |  3.1
Spellcasting   | 3 |  3.0
Dodging        | |  2.6
Stealth        | |  0.1

Action                   |  1- 3 |  4- 6 || total
-------------------------+-------+-------++-------
Melee: Hand axe          |   104 |    13 ||   117
 Cast: Infusion          |     9 |     1 ||    10
       Song of Slaying   |     2 |     1 ||     3
  Use: Scroll            |     3 |     2 ||     5
 Stab: Sleeping          |       |     1 ||     1
  Eat: Chunk             |     2 |     1 ||     3
Armor: Robe              |    61 |     6 ||    67
Dodge: Dodged            |    90 |    15 ||   105
Block: Other             |       |     2 ||     2
